 Dungeon Crawl Stone Soup version 0.23.0 (webtiles) character file.

Game seed: 11352677214635823677

248001 Laan the Warrior (level 19, -3/133 HPs)
             Began as a Gargoyle Monk on Feb 15, 2019.
             Was the Champion of Okawaru.
             Slain by a spriggan rider
             ... wielding a +0 spear
              (10 damage)
             ... on level 2 of the Depths on Feb 16, 2019.
             The game lasted 01:28:05 (31519 turns).

Laan the Warrior (Gargoyle Monk)                   Turns: 31519, Time: 01:28:05

Health: -3/133     AC: 50    Str: 16    XL:     19   Next: 55%
Magic:  27/27      EV:  7    Int: 18    God:    Okawaru [******]
Gold:   1673       SH: 19    Dex: 12    Spells: 24/24 levels left

rFire    + + .     SeeInvis +   b - +7 eveningstar (crush)
rCold    + . .     Gourm    .   A - +3 shield {AC+3}
rNeg     + . .     Faith    .   j - +2 plate armour {rF+}
rPois    ∞         Spirit   .   B - +0 helmet {SInv}
rElec    +         Reflect  +   n - scarf {rC+ rF+}
rCorr    .         Harm     .   r - +1 pair of gloves {archery}
MR       ++...                  g - +1 pair of boots {Stlth+}
Stlth    ..........             e - +3 amulet of reflection
HPRegen  0.32/turn              i - ring of protection from magic
MPRegen  0.20/turn              o - +5 ring of protection

@: about to teleport, flying
A: big wings, negative energy resistance 1, electricity resistance, unbreathing,
petrification resistance, rot immunity, AC +14
}: 2/15 runes: decaying, gossamer
a: Stop Flying, Heroism, Finesse, Renounce Religion


You were on level 2 of the Depths.
You worshipped Okawaru.
Okawaru was exalted by your worship.
You were not hungry.

You visited 5 branches of the dungeon, and saw 31 of its levels.
You also visited: Sewer.

You collected 2605 gold pieces.
You spent 932 gold pieces at shops.

Inventory:

Hand Weapons
 a - the +9 demon whip "Ohiodwonk" {elec, Stlth+}
   (Okawaru gifted it to you on level 6 of the Lair of Beasts)

   Occasionally, upon striking a foe, it will discharge some electrical energy
   and cause terrible harm.
   It makes you more stealthy.
 b - a +7 eveningstar of crushing (weapon)
Missiles
 t - 12 javelins (quivered)
Armour
 d - a +4 chain mail of positive energy
 g - a +1 pair of boots of stealth (worn)
 j - a +2 plate armour of fire resistance (worn)
 n - a scarf of resistance (worn)
 r - a +1 pair of gloves of archery (worn)
 A - a +3 shield of protection (worn)
 B - a +0 helmet of see invisible (worn)
Jewellery
 e - a +3 amulet of reflection (around neck)
 i - a ring of protection from magic (left hand)
 o - a +5 ring of protection (right hand)
 s - an uncursed amulet of regeneration
 M - a +4 ring of strength
Wands
 D - a wand of flame (74)
 H - a wand of acid (35)
 J - a wand of iceblast (22)
 L - a wand of scattershot (6)
 N - a wand of digging (6)
 Q - a wand of clouds (6)
Scrolls
 h - a scroll of silence
 m - 8 scrolls of identify
 q - 8 scrolls of teleportation
 v - 5 scrolls of remove curse
 x - 6 scrolls of amnesia
 E - a scroll of fear
 K - 5 scrolls of enchant armour
 P - 3 scrolls of magic mapping
 X - 3 scrolls of fog
Potions
 k - 3 potions of haste
 p - 2 potions of invisibility
 C - a potion of berserk rage
 F - 3 potions of lignification
 G - a potion of resistance
 R - 3 potions of might
 S - 3 potions of cancellation
 U - 4 potions of ambrosia
 W - a potion of curing
Comestibles
 c - 68 rations
 f - 6 chunks of flesh


   Skills:
 + Level 19.3 Fighting
 - Level 16.0 Maces & Flails
 + Level 18.1 Armour
 - Level 2.4 Dodging
 - Level 2.1 Stealth
 - Level 15.0 Shields
 * Level 3.0 Spellcasting
 - Level 11.4 Invocations


You had 24 spell levels left.
You didn't know any spells.
Your spell library contained the following spells:

 Spells                   Type           Power        Failure   Level  Hunger
 Animate Skeleton         Necr           N/A          92%         1    None
 Confusing Touch          Hex            #.....       92%         1    None
 Corona                   Hex            #......      92%         1    None
 Magic Dart               Conj           #...         92%         1    None
 Pain                     Necr           #...         92%         1    None
 Shock                    Conj/Air       #...         92%         1    None
 Summon Small Mammal      Summ           #...         92%         1    None
 Blink                    Tloc           N/A          98%         2    ##.....
 Call Imp                 Summ           #.......     98%         2    ##.....
 Shroud of Golubria       Chrm/Tloc      #.........   98%         2    ##.....
 Slow                     Hex            #.......     98%         2    ##.....
 Swiftness                Chrm/Air       #.......     98%         2    ##.....
 Call Canine Familiar     Summ           #.......     100%        3    ###....
 Confuse                  Hex            #.......     100%        3    ###....
 Conjure Flame            Conj/Fire      #.......     100%        3    ###....
 Gell's Gravitas          Tloc           #.........   100%        3    ###....
 Inner Flame              Hex/Fire       #.......     100%        3    ###....
 Lesser Beckoning         Tloc           #.........   100%        3    ###....
 Mephitic Cloud           Conj/Pois/Air  #.......     100%        3    ###....
 Portal Projectile        Hex/Tloc       #.....       100%        3    ###....
 Regeneration             Chrm/Necr      #.........   100%        3    ###....
 Static Discharge         Conj/Air       #.......     100%        3    ###....
 Summon Guardian Golem    Hex/Summ       #.......     100%        3    ###....
 Teleport Other           Tloc           #.......     100%        3    ###....
 Vampiric Draining        Necr           #.........   100%        3    ###....
 Airstrike                Air            #.........   100%        4    ####...
 Animate Dead             Necr           N/A          100%        4    ####...
 Cause Fear               Hex            #.........   100%        4    ####...
 Leda's Liquefaction      Hex/Erth       #.........   100%        4    ####...
 Passage of Golubria      Tloc           N/A          100%        4    ####...
 Petrify                  Tmut/Erth      #.......     100%        4    ####...
 Summon Ice Beast         Ice/Summ       #.......     100%        4    ####...
 Summon Lightning Spire   Summ/Air       #.......     100%        4    ####...
 Lightning Bolt           Conj/Air       #.........   100%        5    ######.
 Metabolic Englaciation   Hex/Ice        #.........   100%        5    ######.
 Silence                  Hex/Air        #.........   100%        5    ######.
 Yara's Violent Unravell  Hex/Tmut       #.........   100%        5    ######.
 Deflect Missiles         Chrm/Air       #.........   100%        6    #######
 Discord                  Hex            #.........   100%        8    #######


Dungeon Overview and Level Annotations

Branches:
Dungeon (15/15)            Temple (0/1) D:6            Lair (6/6) D:8
  Swamp (4/4) Lair:4       Spider (4/4) Lair:4        Slime (0/5) Lair:6
    Orc (0/2) D:12         Vaults (0/5) D:13         Depths (2/5) D:15

Altars:
Ashenzari
Dithmenos
Elyvilon
Fedhas
Makhleb
Okawaru
Qazlal
Ru
Sif Muna
Trog
Vehumet
Xom
Zin

Shops:
D:6 [   D:14 (   Depths:1 !?(=

Portals:
Hell: Depths:1
Trove: D:12 (give +4 demon whip)

Annotations:
Lair:5 exclusion: orange crystal statue


Innate Abilities, Weirdness & Mutations

You are resistant to torment.
Your stone body is resilient. (AC +14)
You are immune to poison.
Your large and strong wings let you fly indefinitely.
You resist negative energy. (rN+)
You are resistant to electric shocks. (rElec)
You can survive without breathing.
You are immune to petrification.
You are immune to rotting.


Message History

The spriggan air mage resists with some effort.
The spriggan looks frightened!
The tengu warrior looks frightened! x2
The dire elephant resists with some effort.
The spriggan easily resists.
The rakshasa is unaffected.
The spriggan resists with some effort.
The jumping spider leaps!
The boggart mumbles some strange words.
The boggart blinks!
The spriggan rider hits you but does no damage.
You block the spriggan rider's attack.
The boggart mumbles some strange words.
The boggart flickers and vanishes for a moment.
The tengu conjurer gestures wildly while chanting.
The tengu conjurer blinks!
The rakshasa hits you but does no damage.
The spriggan rider hits you but does no damage.
The spriggan air mage waves its arms in wide circles.
The air twists around and violently strikes you in flight!
* * * LOW HITPOINT WARNING * * *
The spriggan rider hits you with a +0 spear!
You die...

♣♣§§°§..♣♣
♣♣♣♣○☼...
♣§§♣.....
♣♣.♣♣....♣
♣♣..♣....♣§
♣§..♣)i..§§
♣..§)).§♣
♣.♣♣i§§♣♣♣
♣.Yi@♣♣
....*YRYi♣


....§iiiYim ..i⌠gDiiYYiY. .....Y..RQQY... ..i....Y.gQY... #######.C.Q....
#..°..... You could see a dire elephant, a fire dragon (fleeing), a stone giant
(fleeing), 10 death yaks, 2 rakshasas, 5 spriggan riders, 3 tengu warriors, a
merfolk, a spriggan air mage, a spriggan druid, a tengu conjurer (fleeing), 6
spriggans, 2 boggarts and a battlesphere.

Vanquished Creatures
  2 liches (Depths:1)
  Jorgrun (Spider:2)
  Rupert (D:12)
  2 tentacled monstrosities
  Agnes (Spider:1)
  The ghost of Infinimo the Minotaur Blade, an adept MiBe of Trog (Swamp:4)
  3 thorn hunters
  The ghost of P0WERM0DE the Severer, an adept MiFi of Gozag (Swamp:4)
  Frances (Swamp:2)
  A sphinx (Depths:1)
  Roxanne (D:14)
  A fire giant (D:15)
  The ghost of Weivu the Thaumaturge, a journeyman NaVM of Cheibriados (Spider:3)
  4 ghost moths
  10 emperor scorpions
  A very ugly thing (Swamp:4)
  2 spriggan defenders (Depths:1)
  3 caustic shrike skeletons (Depths:2)
  2 stone giants (Depths:1)
  A dire elephant (Lair:6)
  2 vampire knights
  Azrael (D:12)
  4 spark wasps
  2 ettins
  2 green deaths (Swamp:4)
  5 rakshasas
  8 vault guards (D:13)
  A merfolk avatar (Lair:6)
  A death knight (D:15)
  A shambling mangrove (Swamp:1)
  A great orb of eyes (Depths:1)
  A spriggan air mage (Depths:2)
  12 hydras
  A dancing weapon (Spider:3)
  A centaur warrior (Depths:2)
  16 two-headed ogres
  6 tengu warriors
  11 alligators
  4 ogre magi (Depths:1)
  3 spriggan berserkers
  Urug (D:12)
  A thrashing horror (Swamp:4)
  A deep elf knight (Swamp:2)
  Nergalle (Lair:2)
  Sonja (D:12)
  2 skeletal warriors (D:15)
  A fire crab (Lair:5)
  4 unseen horrors
  A sea snake (Lair:5)
  5 spriggan druids
  5 swamp dragons
  A harpy (Lair:5)
  A wizard (Depths:1)
  Pikel (D:6)
  2 phantasmal warriors
  A deep elf mage (D:12)
  14 ugly things
  30 slime creatures
  17 wolf spiders
  3 manticores
  14 orb spiders
  8 elephants
  2 black mambas
  3 cyclopes
  3 torpor snails
  4 centaur zombies
  33 spiny frogs
  2 gargoyles
  3 orange demons (Swamp:4)
  2 centaur skeletons
  8 komodo dragons
  11 demonic crawlers
  2 efreet
  A kobold demonologist (D:15)
  A rime drake (Lair:6)
  3 tengu conjurers
  4 trolls
  A queen bee (D:14)
  3 meliai (D:14)
  A wind drake (Lair:6)
  14 hornets
  9 polar bears
  15 tyrant leeches
  30 jumping spiders
  2 blink frogs (shapeshifter)
  12 bog bodies
  30 blink frogs
  4 hippogriffs
  6 dream sheep (Lair:5)
  2 large abominations (Swamp:4)
  A hippogriff (shapeshifter) (D:15)
  3 shadows
  A water elemental (D:15)
  85 redbacks
  A vampire (D:10)
  12 spriggans
  3 wraiths (D:15)
  26 tarantellas
  A wyvern (Lair:6)
  44 yaks
  5 hungry ghosts
  18 vampire mosquitoes
  3 basilisks
  A human (shapeshifter) (D:13)
  14 swamp worms
  6 insubstantial wisps
  An acid dragon (D:14)
  4 hell hounds (D:12)
  18 water moccasins
  6 porcupines
  11 orc warriors
  5 ice beasts
  11 swamp drakes
  2 black bears
  4 phantoms
  3 sky beasts
  An eye of draining (D:12)
  22 ogres
  A necrophage (D:10)
  14 wolves
  A boggart (Depths:2)
  A small abomination (Swamp:4)
  10 centaurs
  14 crocodiles
  9 big kobolds
  25 bullfrogs
  A wyvern zombie (D:10)
  A wyvern skeleton (D:12)
  5 scorpions
  29 killer bees
  21 wights
  2 electric eels
  3 howler monkeys
  8 crimson imps
  12 hounds
  5 jellies
  2 lava snakes (Lair:5)
  2 quasits
  A bullfrog zombie (D:10)
  7 orc wizards
  9 orc priests
  3 bullfrog skeletons
  4 iguanas
  Jessica (D:3)
  11 worker ants
  Natasha (D:4)
  6 hell rats (Lair:6)
  A hound skeleton (D:5)
  A worker ant zombie (D:11)
  Robin (D:3)
  8 adders
  5 river rats
  5 shadow imps
  5 oozes (Lair:6)
  An adder skeleton (D:6)
  A worm (D:2)
  2 dart slugs
  3 leopard geckos
  42 orcs
  4 giant cockroaches
  12 goblins
  7 hobgoblins
  17 jackals
  6 quokkas
  5 ball pythons
  10 bats
  3 frilled lizards
  A jackal zombie (D:6)
  28 kobolds
  A quokka skeleton (D:7)
  A quokka zombie (D:8)
  9 rats
  2 briar patches (Swamp:1)
  A fungus (D:5)
  A plant (Swamp:2)
1153 creatures vanquished.

Vanquished Creatures (others)
  A stone giant (Depths:1)
  A merfolk javelineer (Depths:1)
  A yaktaur captain (Depths:2)
  A spriggan (Depths:2)
  2 ugly things (Swamp:3)
  A jumping spider (Spider:1)
  2 hornets (Depths:2)
  A boggart (Depths:2)
  An orc (D:6)
  2 kobolds (D:13)
  4 briar patches (Swamp:3)
  8 fungi
  19 plants
  2 toadstools (D:5)
  A withered plant (Swamp:4)
47 creatures vanquished.

Grand Total: 1200 creatures vanquished

Notes
Turn   | Place    | Note
-------+----------+-------------------------------------------
     0 | D:1      | Laan the Gargoyle Monk began the quest for the Orb.
     0 | D:1      | Reached XP level 1. HP: 14/14 MP: 1/1
   193 | D:1      | Reached XP level 2. HP: 17/19 MP: 2/2
   723 | D:2      | Found a sacrificial altar of Ru.
   854 | D:2      | Reached XP level 3. HP: 24/24 MP: 3/3
  1635 | D:3      | Noticed Jessica
  1644 | D:3      | Killed Jessica
  1644 | D:3      | Reached skill level 4 in Fighting
  1644 | D:3      | Reached XP level 4. HP: 27/29 MP: 4/4
  1823 | D:3      | Found a glowing drain.
  1832 | Sewer    | Entered a sewer
  1843 | Sewer    | Reached XP level 5. HP: 26/34 MP: 5/5
  1957 | Sewer    | Noticed a big kobold
  1980 | Sewer    | Killed a big kobold
  1980 | Sewer    | Reached skill level 5 in Maces & Flails
  2002 | Sewer    | Found a white marble altar of Elyvilon.
  2368 | D:3      | Reached XP level 6. HP: 9/40 MP: 6/6
  2681 | D:3      | Found a stormy altar of Qazlal.
  2681 | D:3      | Noticed Robin
  2702 | D:3      | Found an iron altar of Okawaru.
  2726 | D:3      | Killed Robin
  2869 | D:3      | Found a blossoming altar of Fedhas.
  2881 | D:3      | Became a worshipper of Warmaster Okawaru
  2881 | D:3      | Reached * piety under Okawaru
  2881 | D:3      | Reached ** piety under Okawaru
  2950 | D:4      | Noticed a phantom
  2972 | D:4      | Killed a phantom
  2972 | D:4      | Reached skill level 5 in Fighting
  3356 | D:4      | Noticed a phantom
  3387 | D:4      | Killed a phantom
  3387 | D:4      | Reached XP level 7. HP: 34/44 MP: 7/7
  3647 | D:4      | Noticed Natasha
  3652 | D:4      | Killed Natasha
  3771 | D:5      | Entered Level 5 of the Dungeon
  3833 | D:5      | Reached *** piety under Okawaru
  3961 | D:5      | Reached skill level 6 in Fighting
  4233 | D:5      | Reached XP level 8. HP: 44/52 MP: 8/8
  4656 | D:5      | Reached skill level 7 in Fighting
  4698 | D:5      | Found a shattered altar of Ashenzari.
  4734 | D:5      | Reached **** piety under Okawaru
  5278 | D:6      | Reached XP level 9. HP: 53/58 MP: 9/9
  5535 | D:6      | Reached skill level 8 in Fighting
  5570 | D:6      | Found a glowing silver altar of Zin.
  5586 | D:6      | Reached skill level 10 in Maces & Flails
  5634 | D:6      | Found Asentaov's Armour Shoppe.
  5646 | D:6      | Bought a +2 shield of protection for 236 gold pieces
  5646 | D:6      | Bought a +0 helmet of see invisible for 126 gold pieces
  5750 | D:6      | Reached skill level 1 in Shields
  5898 | D:6      | Noticed Pikel
  5917 | D:6      | Killed Pikel
  5917 | D:6      | Reached ***** piety under Okawaru
  5936 | D:6      | Found a staircase to the Ecumenical Temple.
  6086 | D:6      | Found a white marble altar of Elyvilon.
  6480 | D:7      | Found a deep blue altar of Sif Muna.
  6498 | D:7      | Reached XP level 10. HP: 65/65 MP: 10/10
  6575 | D:7      | Reached skill level 5 in Shields
  6892 | D:7      | Reached skill level 9 in Fighting
  7217 | D:8      | Noticed a two-headed ogre
  7236 | D:8      | Killed a two-headed ogre
  7667 | D:8      | Found a staircase to the Lair.
  8152 | D:8      | Reached skill level 5 in Armour
  8180 | D:9      | Noticed a manticore
  8192 | D:9      | Killed a manticore
  8192 | D:9      | Received a gift from Okawaru
  8192 | D:9      | Reached ****** piety under Okawaru
  8374 | D:9      | Received a gift from Okawaru
  8411 | D:9      | Reached XP level 11. HP: 68/72 MP: 11/11
  8619 | Lair:1   | Entered Level 1 of the Lair of Beasts
  8651 | Lair:1   | Reached skill level 10 in Fighting
  8678 | Lair:1   | Noticed a four-headed hydra
  8695 | Lair:1   | Killed a four-headed hydra
  9601 | Lair:2   | Received a gift from Okawaru
  9784 | Lair:2   | Reached skill level 10 in Shields
 10039 | Lair:2   | Reached XP level 12. HP: 61/79 MP: 12/12
 10215 | Lair:2   | Reached skill level 11 in Fighting
 10266 | Lair:2   | Noticed Nergalle
 10273 | Lair:2   | Killed Nergalle
 11754 | Lair:4   | Received a gift from Okawaru
 11840 | Lair:4   | Got a heavily runed scale mail {god gift}
 11841 | Lair:4   | Identified the +1 scale mail of Laishroch {Int+2 Slay+3}
                  | (Okawaru gifted it to you on level 4 of the Lair of Beasts)
 11961 | Lair:4   | Found a staircase to the Swamp.
 12262 | Lair:4   | Found a hole to the Spider Nest.
 12290 | Lair:4   | Reached XP level 13. HP: 63/85 MP: 13/13
 12723 | Lair:5   | Reached skill level 12 in Fighting
 13210 | Lair:5   | Received a gift from Okawaru
 13498 | Lair:6   | Entered Level 6 of the Lair of Beasts
 13850 | Lair:6   | Reached skill level 10 in Armour
 13897 | Lair:6   | Noticed a dire elephant
 13981 | Lair:6   | Killed a dire elephant
 14439 | Lair:6   | Gained mutation: Your large and strong wings let you fly
                  | indefinitely. [Gargoyle growth]
 14439 | Lair:6   | Reached XP level 14. HP: 89/92 MP: 14/14
 14698 | Lair:6   | Found a staircase to the Slime Pits.
 14762 | Lair:6   | Received a gift from Okawaru
 14765 | Lair:6   | Got a warped demon whip {god gift}
 14766 | Lair:6   | Identified the +9 demon whip "Ohiodwonk" {elec, Stlth+}
                  | (Okawaru gifted it to you on level 6 of the Lair of Beasts)
 15351 | D:10     | Entered Level 10 of the Dungeon
 15427 | D:10     | Reached skill level 13 in Fighting
 15551 | D:10     | Found a shadowy altar of Dithmenos.
 15841 | D:10     | Found a burning altar of Makhleb.
 16192 | D:11     | Got a slimy wooden ring
 16193 | D:11     | Identified the ring "Anoguv" {Fire +Inv Str+2} (You found
                  | it on level 11 of the Dungeon)
 16751 | D:12     | Reached skill level 15 in Shields
 16824 | D:12     | Noticed Azrael
 16839 | D:12     | Received a gift from Okawaru
 16848 | D:12     | Killed Azrael
 16910 | D:12     | Noticed Rupert
 16928 | D:12     | Killed Rupert
 17144 | D:12     | You are sucked into a shaft for 2 floors!
 17514 | D:14     | Noticed Roxanne
 17521 | D:14     | Received a gift from Okawaru
 17521 | D:14     | Reached skill level 14 in Fighting
 17551 | D:14     | Killed Roxanne
 17551 | D:14     | Reached XP level 15. HP: 65/100 MP: 15/15
 17767 | D:14     | Found Zuoth's Weapon Shop.
 18244 | D:15     | Entered Level 15 of the Dungeon
 18350 | D:15     | Found a staircase to the Depths.
 18351 | D:15     | Noticed a fire giant
 18367 | D:15     | Killed a fire giant
 18719 | D:15     | Received a gift from Okawaru
 19289 | D:13     | Found a gate to the Vaults.
 19327 | D:13     | Reached skill level 15 in Maces & Flails
 19539 | D:13     | You are sucked into a shaft!
 19696 | D:13     | Got a polished chain mail
 19697 | D:13     | Identified the +1 chain mail of the Lost Path {rN+ MR+
                  | Stlth+} (You found it on level 13 of the Dungeon)
 19727 | D:12     | Noticed Sonja
 19735 | D:12     | Killed Sonja
 19787 | D:12     | Noticed Urug
 19799 | D:12     | Killed Urug
 19830 | D:12     | Found a portal to a secret trove of treasure.
 20013 | D:12     | Found a staircase to the Orcish Mines.
 20245 | Swamp:1  | Entered Level 1 of the Swamp
 20367 | Swamp:1  | Reached skill level 15 in Fighting
 20438 | Swamp:1  | Reached XP level 16. HP: 106/108 MP: 16/16
 20628 | Swamp:1  | Received a gift from Okawaru
 20871 | Swamp:1  | Noticed a thorn hunter
 20888 | Swamp:1  | Killed a thorn hunter
 20922 | Swamp:1  | Noticed a tentacled monstrosity
 20944 | Swamp:1  | Killed a tentacled monstrosity
 21433 | Swamp:2  | Received a gift from Okawaru
 21443 | Swamp:2  | Got a crystal mace {god gift}
 21479 | Swamp:2  | Noticed Frances
 21490 | Swamp:2  | Killed Frances
 22110 | Swamp:2  | Identified the +1 mace of the Harvest {pain, Fragile Int+3
                  | Dex+2 Stlth+} (Okawaru gifted it to you on level 2 of the
                  | Swamp)
 22142 | Swamp:3  | Noticed a thorn hunter
 22216 | Swamp:3  | Reached skill level 16 in Fighting
 22237 | Swamp:3  | Noticed a thorn hunter
 22375 | Swamp:3  | Killed a thorn hunter
 22543 | Swamp:3  | Killed a thorn hunter
 22801 | Swamp:3  | Received a gift from Okawaru
 22990 | Swamp:4  | Entered Level 4 of the Swamp
 23301 | Swamp:4  | Reached skill level 15 in Armour
 23424 | Swamp:4  | Reached XP level 17. HP: 116/116 MP: 17/17
 23468 | Swamp:4  | Reached skill level 1 in Invocations
 23570 | Swamp:4  | Found a runed translucent gate.
 23570 | Swamp:4  | Found a runed translucent gate.
 23570 | Swamp:4  | Found a runed translucent gate.
 23570 | Swamp:4  | Noticed Infinimo's ghost (adept MiBe)
 23570 | Swamp:4  | Noticed P0WERM0DE's ghost (adept MiFi)
 23595 | Swamp:4  | Killed P0WERM0DE's ghost
 23608 | Swamp:4  | Killed Infinimo's ghost
 23615 | Swamp:4  | Got an ichor-stained hat
 23683 | Swamp:4  | Identified the +1 hat of Fun {MR+ Str+2} (You found it on
                  | level 4 of the Swamp)
 23981 | Swamp:4  | Reached skill level 17 in Fighting
 23992 | Swamp:4  | Noticed a tentacled monstrosity
 24002 | Swamp:4  | Killed a tentacled monstrosity
 24002 | Swamp:4  | Received a gift from Okawaru
 24039 | Swamp:4  | Got a decaying rune of Zot
 24353 | Spider:1 | Entered Level 1 of the Spider Nest
 24488 | Spider:1 | Noticed Agnes
 24509 | Spider:1 | Killed Agnes
 24509 | Spider:1 | Reached skill level 5 in Invocations
 24732 | Spider:1 | Found a frozen archway.
 24905 | Spider:2 | You are sucked into a shaft!
 25165 | Spider:2 | Received a gift from Okawaru
 25450 | Spider:2 | Noticed Jorgrun
 25474 | Spider:2 | Killed Jorgrun
 26110 | Spider:3 | Reached XP level 18. HP: 124/124 MP: 23/23
 26276 | Spider:3 | Found a runed translucent door.
 26277 | Spider:3 | Found a shimmering altar of Xom.
 26277 | Spider:3 | Noticed Weivu's ghost (journeyman NaVM)
 26318 | Spider:3 | Killed Weivu's ghost
 26760 | Spider:4 | Entered Level 4 of the Spider Nest
 26814 | Spider:4 | Reached skill level 18 in Fighting
 26987 | Spider:4 | Received a gift from Okawaru
 27532 | Spider:4 | Received a gift from Okawaru
 28220 | Spider:4 | Got a gossamer rune of Zot
 28641 | Depths:1 | Entered Level 1 of the Depths
 28674 | Depths:1 | Reached skill level 10 in Invocations
 29083 | Depths:1 | Received a gift from Okawaru
 29227 | Depths:1 | Found Qimod's Jewellery Boutique.
 29230 | Depths:1 | Found Kioss's Antique Weapon Boutique.
 29230 | Depths:1 | Found Qoarusk's Distillery.
 29231 | Depths:1 | Found Paagg's Magic Scroll Boutique.
 29236 | Depths:1 | Bought a +3 amulet of reflection for 282 gold pieces
 29241 | Depths:1 | Bought a scroll of teleportation for 48 gold pieces
 29241 | Depths:1 | Bought a scroll of silence for 120 gold pieces
 29244 | Depths:1 | Bought a potion of curing for 60 gold pieces
 29244 | Depths:1 | Bought a potion of curing for 60 gold pieces
 29272 | Depths:1 | Noticed a lich
 29302 | Depths:1 | Paralysed by a vampire knight for 7 turns
 29811 | D:15     | Reached XP level 19. HP: 121/132 MP: 26/26
 29845 | Depths:1 | Paralysed by an ogre mage for 6 turns
 30144 | Depths:1 | Reached skill level 19 in Fighting
 30206 | Depths:1 | Noticed a lich
 30217 | Depths:1 | Killed a lich
 30240 | Depths:1 | Found a gateway to Hell.
 30448 | Depths:1 | Found a hide-covered altar of Uskayaw.
 30450 | Depths:1 | Found a shimmering altar of Xom.
 30450 | Depths:1 | Found an iron altar of Okawaru.
 30452 | Depths:1 | Found a shattered altar of Ashenzari.
 30452 | Depths:1 | Found a glowing golden altar of the Shining One.
 30452 | Depths:1 | Found a radiant altar of Vehumet.
 30766 | Depths:2 | Reached skill level 1 in Spellcasting
 31031 | Depths:2 | Found a bloodstained altar of Trog.
 31519 | Depths:2 | Slain by a spriggan rider

Skill      XL: |  1  2  3  4  5  6  7  8  9 10 11 12 13 14 15 16 17 18 19 |
---------------+----------------------------------------------------------+-----
Maces & Flails | 4 5 6 7 9 10 11 12 13 15 16 | 16.0
Fighting       | 4 5 6 7 8 9 10 11 12 14 15 16 17 18 19 | 19.3
Shields        | 4 7 10 12 13 15 | 15.0
Armour         | 3 5 7 8 10 12 13 15 16 17 18 | 18.1
Invocations    | 7 10 11 | 11.4
Spellcasting   | 3 |  3.0
Dodging        | |  2.4
Stealth        | |  2.1

Action                   |  1- 3 |  4- 6 |  7- 9 | 10-12 | 13-15 | 16-18 | 19-21 || total
-------------------------+-------+-------+-------+-------+-------+-------+-------++-------
Melee: Mace              |   142 |   250 |    60 |       |       |       |       ||   452
       Flail             |       |       |   326 |       |       |       |       ||   326
       Whip              |       |       |    83 |   172 |       |       |       ||   255
       Morningstar       |       |       |       |   609 |   555 |       |       ||  1164
       Demon whip        |       |       |       |       |   980 |   622 |       ||  1602
       Eveningstar       |       |       |       |       |       |  1270 |   301 ||  1571
Throw: Javelin           |       |       |       |     2 |     1 |     8 |       ||    11
Invok: Heroism           |       |       |       |       |     4 |     4 |       ||     8
       Finesse           |       |       |       |       |       |     2 |       ||     2
 Abil: Fly               |       |       |       |       |     1 |       |       ||     1
Evoke: Wand              |       |       |       |     6 |     2 |       |     6 ||    14
  Use: Scroll            |       |       |    14 |     7 |    14 |    11 |     3 ||    49
       Potion            |       |       |     1 |     2 |     7 |    18 |     2 ||    30
 Stab: Held in net/web   |       |       |       |       |       |     1 |       ||     1
  Eat: Chunk             |     3 |     6 |    10 |    20 |    26 |    12 |     5 ||    82
       Ration            |       |       |       |       |     1 |     6 |       ||     7
Armor: Robe              |     8 |       |       |       |       |       |       ||     8
       Chain mail        |    97 |   225 |   314 |   352 |   565 |  1178 |    56 ||  2787
       Leather armour    |    10 |       |       |       |       |       |       ||    10
       Plate armour      |       |       |       |       |       |       |   103 ||   103
Dodge: Dodged            |    82 |   120 |   139 |   115 |   316 |   456 |    53 ||  1281
Block: Shield            |       |       |    84 |   431 |  1005 |  1527 |   282 ||  3329
       Reflection        |       |       |       |       |       |       |    15 ||    15
